Map: Pillars of Gold LE

Players

NotPewPewPew - Winner!

  • Race: Zerg Zerg
  • Spawn Location: 1:00

Debbie

  • Race: Protoss Protoss
  • League: Diamond
  • Spawn Location: 7:00

VOD

Have the link to the VOD?

Description

Time

  • Played on: Sept. 16, 2020, 8:47 p.m.
  • Length: 7:03
Show
View Real Time Build Order
Export as new Build Order

NotPewPewPew Zerg - Winner!

Build Orders: Hatch First 

Get SALT Encoding   

  12  0:00  Drone  
  13  0:12  Overlord  
  13  0:18  Drone  
  14  0:33  Drone x2  
  16  0:51  Hatchery  
  16  0:55  Drone  
  16  0:58  Drone  
  16  1:02  Drone  
  18  1:13  Extractor  
  18  1:17  Spawning Pool  
  16  1:20  Drone  
  16  1:24  Drone  
  18  1:29  Drone  
  19  1:42  Drone  
  20  1:51  Overlord  
  20  2:04  Queen x2  
  20  2:05  Zergling x4  
  26  2:17  Metabolic Boost  
  26  2:19  Drone x2  
  28  2:26  Drone x2  
  30  2:39  Hatchery  
  29  2:48  Drone x3  
  32  2:53  Queen  
  34  2:59  Overlord  
  34  3:01  Drone  
  34  3:03  Drone  
  36  3:07  Overlord  
  36  3:19  Drone x3  
  39  3:21  Drone x4  
  43  3:36  Drone  
  43  3:37  Drone x2  
  46  3:42  Drone  
  46  3:46  Roach Warren  
  46  3:51  Queen  
  48  4:00  Drone x8  
  56  4:03  Extractor x2  
  56  4:05  Zergling x2  
  56  4:07  Zergling x2  
  56  4:10  Zergling x2  
  56  4:15  Drone  
  58  4:19  Overlord x2  
  57  4:32  Lair  
  57  4:38  Drone x4  
  61  4:40  Extractor  
  61  4:43  Overlord x2  
  61  4:44  Overlord  
  60  5:03  Roach x12  
  84  5:18  Overlord x2  
  84  5:19  Overlord  
  83  5:30  Roach  
  83  5:31  Roach x4  
  93  5:40  Roach x6  
  93  5:41  Roach x4  
  110  5:59  Roach x6  
  122  6:13  Overlord  
  122  6:14  Overlord  
  122  6:15  Overlord  
  122  6:16  Overlord  
  120  6:40  Roach  
  120  6:41  Roach x8  
Show
View Real Time Build Order
Export as new Build Order

Debbie Protoss 

Build Orders: 1 Gate Expand 

Get SALT Encoding   

  12  0:02  Probe  
  13  0:14  Probe  
  13  0:19  Pylon  
  14  0:26  Probe  
  15  0:38  Probe  
  15  0:40  Gateway  
  16  0:50  Probe  
  17  1:16  Nexus  
  17  1:29  Probe  
  17  1:32  Cybernetics Core  
  18  1:40  Pylon  
  18  1:45  Assimilator  
  18  1:47  Probe  
  19  1:59  Probe (Chrono Boost)  
  20  2:04  Pylon  
  20  2:11  Zealot, Probe (Chrono Boost)  
  23  2:21  Probe (Chrono Boost)  
  24  2:25  Gateway  
  24  2:29  Warp Gate  
  24  2:34  Probe  
  25  2:37  Probe  
  25  2:40  Assimilator  
  26  2:46  Probe  
  26  2:49  Probe  
  28  2:58  Probe  
  28  3:01  Probe  
  30  3:08  Robotics Facility  
  30  3:09  Adept  
  30  3:11  Probe  
  33  3:14  Adept, Probe (Chrono Boost)  
  36  3:23  Probe (Chrono Boost)  
  38  3:31  Assimilator, Probe (Chrono Boost)  
  38  3:32  Probe (Chrono Boost)  
  39  3:38  Probe  
  39  3:40  Gateway  
  40  3:44  Gateway, Probe  
  41  3:50  Stalker (Chrono Boost)  
  41  3:52  Stalker (Chrono Boost)  
  45  4:00  Probe  
  46  4:12  Pylon  
  46  4:17  Pylon  
  46  4:27  Warp Prism (Chrono Boost)  
  46  4:30  Probe  
  49  4:46  Robotics Bay  
  49  4:50  Robotics Facility  
  49  4:54  Pylon  
  49  4:56  Adept x2, Observer  
  54  5:16  Probe  
  54  5:18  Nexus  
  55  5:24  Probe  
  55  5:27  Nexus  
  54  6:09  Probe  
  54  6:13  Stalker x4  
  60  6:26  Disruptor (Chrono Boost)  
  53  6:41  Stalker  
  53  6:42  Stalker  
Tags
 
Add a new tag
Caveats
  • Supply blocks, unpowered buildings, or Contaminate may cause inaccurate times.
  • Supply counts are checked every 10 seconds.